 Dungeon Crawl Stone Soup version 0.23.1 (webtiles) character file.

Game seed: 16222973986028598297

97 Borgoz the Sneak (level 4, 0/35 HPs)
             Began as a Ghoul Enchanter on Mar 3, 2019.
             Slain by an orc wizard
             ... wielding a +0 dagger
              (3 damage)
             ... on level 2 of the Dungeon.
             The game lasted 00:04:41 (2529 turns).

Borgoz the Sneak (Ghoul Enchanter)                  Turns: 2529, Time: 00:04:42

Health: 0/35       AC:  3    Str: 11    XL:     4   Next: 68%
Magic:  5/5        EV: 12    Int: 10    God:
Gold:   106        SH:  0    Dex: 10    Spells: 5/6 levels left

rFire    . . .     SeeInvis .   a - +1 dagger
rCold    + . .     Gourm    .   (no shield)
rNeg     + + +     Faith    .   b - +0 robe
rPois    ∞         Spirit   .   (no helmet)
rElec    .         Reflect  .   (no cloak)
rCorr    .         Harm     .   (no gloves)
MR       .....                  k - +0 pair of boots
Stlth    ++........             (no amulet)
HPRegen  0.00/turn              (no ring)
MPRegen  0.09/turn              (no ring)

@: rotting
A: rotting body, claws 1, carnivore, cold resistance 1, negative energy
resistance 3, inhibited regeneration, torment resistance, unbreathing
a: no special abilities


You were on level 2 of the Dungeon.
You were not hungry.

You visited 1 branch of the dungeon, and saw 2 of its levels.

You collected 106 gold pieces.

Inventory:

Hand Weapons
 a - a +1 dagger (weapon)
Missiles
 f - 18 poisoned needles
 i - 11 tomahawks (quivered)
 j - 3 needles of confusion
Armour
 b - a +0 robe (worn)
 k - a +0 pair of boots (worn)
Scrolls
 m - a scroll of enchant armour {unknown}
 o - a scroll of fog {unknown}
 p - a scroll of remove curse {unknown}
Potions
 c - 5 potions of curing
 g - a potion of agility {unknown}
 h - a potion of berserk rage
 l - a potion of degeneration {unknown}
 n - a potion of mutation
Comestibles
 d - 4 rations


   Skills:
 + Level 1.6 Fighting
 * Level 2.3 Short Blades
 + Level 1.1 Armour
 * Level 2.8 Dodging
 - Level 3.2 Stealth
 - Level 1.7 Spellcasting
 - Level 2.4 Hexes


You had 5 spell levels left.
You knew the following spells:

 Your Spells              Type           Power        Failure   Level  Hunger
a - Corona                Hex            #......      12%         1    ##.....

Your spell library contained the following spells:

 Spells                   Type           Power        Failure   Level  Hunger
 Ensorcelled Hibernation  Hex/Ice        #.....       30%         2    ###....
 Confuse                  Hex            #.......     34%         3    ####...
 Tukima's Dance           Hex            #.......     34%         3    ####...
 Dazzling Spray           Conj/Hex       #.....       52%         3    ####...


Dungeon Overview and Level Annotations

Branches:
Dungeon (2/15)

Altars:


Innate Abilities, Weirdness & Mutations

Your body is rotting away.
You thrive on raw meat.
You are immune to poison.
You have sharp fingernails.
You are carnivorous and can eat meat at any time.
Your flesh is cold resistant. (rC+)
You are immune to negative energy. (rN+++)
You do not regenerate when monsters are visible.
You are immune to unholy pain and torment.
You can survive without breathing.


Message History

The orc wizard hits you but does no damage.
The orc wizard mumbles some strange words.
The orc wizard blinks!
The orc wizard hits you but does no damage.
There is an open door here.
You are too injured to fight recklessly!
You hit the orc wizard.
The orc wizard is severely wounded.
The orc wizard hits you with a +0 dagger.
* * * LOW HITPOINT WARNING * * *
The orc unwields a +0 arbalest.
The orc wields a +0 short sword.
The orc hits you with a +0 short sword!
* * * LOW HITPOINT WARNING * * *
You hit the orc wizard.
The orc wizard is almost dead.
The orc wizard hits you but does no damage.
The orc wizard casts a spell.
The orc wizard blinks!
The orc barely misses you.
The orc wizard hits you with a +0 dagger.
You die...

###..## #..# #.# #....# ####.##
#..# #.# #.##.# .###..#####..#
#.# #.##.# .##..........# #.#
#....# .##.#.####...###'###.####
.##.#..# #...#...(##.#
.##.##.###...#.......#####
.##.##..##...#..oo.......#
.##.###.##...###@###.###.#
.##.###..#...# #o# #.# #.#
.........#..)###.# #÷# #.#
.##'###........o.# #.# #.#
.#(.....#.......####.# #.#
.#...#..#............# #.#
..)..............#######.########
#######..........................
###.........#....################


You could see 2 orc wizards and 2 orcs.

Vanquished Creatures
  4 adders (D:2)
  An ooze (D:1)
  2 worms (D:2)
  A dart slug (D:1)
  2 leopard geckos (D:2)
  2 giant cockroaches
  8 hobgoblins
  2 jackals (D:2)
  6 kobolds
  A quokka (D:2)
  A ball python (D:2)
  4 bats
  4 frilled lizards
  4 goblins
  7 rats
49 creatures vanquished.

Notes
Turn   | Place    | Note
-------+----------+-------------------------------------------
     0 | D:1      | Borgoz the Ghoul Enchanter began the quest for the Orb.
     0 | D:1      | Reached XP level 1. HP: 14/14 MP: 2/2
    24 | D:1      | Reached skill level 1 in Short Blades
   295 | D:1      | Reached XP level 2. HP: 20/22 MP: 3/3
   705 | D:1      | Reached skill level 1 in Fighting
   705 | D:1      | Reached XP level 3. HP: 24/28 MP: 4/4
  1509 | D:2      | Reached skill level 1 in Armour
  1540 | D:2      | Reached XP level 4. HP: 14/35 MP: 5/5
  1645 | D:2      | Found a faded altar of an unknown god.
  2529 | D:2      | Slain by an orc wizard

Skill      XL: |  1  2  3 |
---------------+----------+-----
Short Blades   | 1 2 |  2.3
Dodging        | 2 |  2.8
Fighting       | 1 |  1.6
Armour         | 1 |  1.1
Stealth        | |  3.2
Spellcasting   | |  1.7
Hexes          | |  2.4

Action                   |  1- 3 |  4- 6 || total
-------------------------+-------+-------++-------
Melee: Dagger            |   187 |    77 ||   264
  Use: Scroll            |       |     3 ||     3
 Stab: Sleeping          |     3 |     4 ||     7
  Eat: Chunk             |    21 |     6 ||    27
Armor: Robe              |    31 |     9 ||    40
Dodge: Dodged            |   100 |    45 ||   145
